 Dungeon Crawl Stone Soup version 0.29.1-2-gbd0b4ee654 (webtiles) character file.

Game seed: 1842634654679684319

1096 leafyfresh the Covert (level 8, -1/67 HPs)
             Began as a Gnoll Delver on Nov 12, 2022.
             Was a Follower of Okawaru.
             Slain by a gnoll sergeant
             ... wielding a +1 vorpal trident
              (4 damage)
             ... on level 5 of the Dungeon.
             The game lasted 00:17:09 (8003 turns).

leafyfresh the Covert (Gnoll Delver)                Turns: 8003, Time: 00:17:10

Health: -1/67      AC: 12    Str: 12    XL:     8   Next: 31%
Magic:  10/12      EV: 17    Int:  9    God:    Okawaru [*.....]
Gold:   226        SH:  0    Dex: 16    Spells: 13/13 levels left

rFire   . . .      SeeInvis .   i - +0 rapier (protect)
rCold   . . .      Faith    .   (no shield)
rNeg    . . .      Spirit   .   b - +0 leather armour
rPois   .          Reflect  .   B - +0 helmet
rElec   .          Harm     .   (no cloak)
rCorr   .          Rampage  .   (no gloves)
Will    .....                   (no boots)
Stlth   ++++++....              (no amulet)
HPRegen 0.21/turn               (no ring)
MPRegen 0.13/turn               (no ring)

@: heroic, under a protective aura
A: fangs 1, strong nose, distributed training
a: Renounce Religion, Heroism


You were on level 5 of the Dungeon.
You worshipped Okawaru.
Okawaru was aware of your devotion.
You visited 2 branches of the dungeon, and saw 6 of its levels.

You collected 226 gold pieces.

Inventory:

Hand Weapons
 a - a +0 falchion
 i - a +0 rapier of protection (weapon)
 n - a +0 dagger of electrocution
 p - a +1 dagger of flaming
 A - a +4 dagger
Missiles
 v - 4 atropa-tipped darts
 w - 6 javelins
 E - 6 boomerangs of dispersal (quivered)
Armour
 b - a +0 leather armour (worn)
 B - a +0 helmet (worn)
Wands
 g - a wand of digging (3)
 o - a wand of polymorph (5)
 x - a wand of mindburst (10)
Scrolls
 c - a scroll of fog
 d - 2 scrolls of magic mapping
 e - a scroll of poison {unknown}
 h - 5 scrolls of identify {unknown}
 m - a scroll of immolation {unknown}
 r - a scroll of amnesia {unknown}
 t - a scroll of noise {unknown}
 u - 2 scrolls of teleportation {unknown}
 y - 2 scrolls of blinking {unknown}
Potions
 f - a potion of haste
 j - a potion of lignification {unknown}
 k - a potion of heal wounds
 l - a potion of mutation {unknown}
 q - a potion of degeneration {unknown}
 s - 7 potions of curing
 z - a potion of cancellation {unknown}
 C - a potion of might {unknown}
 D - a potion of flight {unknown}


   Skills:
 + Level 7.4(12.4) Fighting
 + Level 3.3(8.3) Short Blades
 + Level 5.7(10.7) Long Blades
 + Level 3.3(8.3) Axes
 + Level 3.3(8.3) Maces & Flails
 + Level 3.3(8.3) Polearms
 + Level 3.3(8.3) Staves
 + Level 3.3(8.3) Ranged Weapons
 + Level 3.3(8.3) Throwing
 + Level 3.3(8.3) Armour
 + Level 5.7(10.7) Dodging
 + Level 10.1(15.1) Stealth
 + Level 3.3(8.3) Shields
 + Level 3.3(8.3) Unarmed Combat
 + Level 3.3 Spellcasting
 + Level 2.6 Conjurations
 + Level 2.6 Hexes
 + Level 2.6 Summonings
 + Level 2.6 Necromancy
 + Level 2.6 Translocations
 + Level 2.6 Transmutations
 + Level 2.6 Fire Magic
 + Level 2.6 Ice Magic
 + Level 2.6 Air Magic
 + Level 2.6 Earth Magic
 + Level 2.6 Poison Magic
 + Level 3.6 Invocations
 + Level 3.3 Evocations


You had 13 spell levels left.
You didn't know any spells.
Your spell library contained the following spells:

 Spells                   Type           Power      Damage    Failure   Level
 Freeze                   Ice            24%        1d5       12%         1
 Shock                    Conj/Air       24%        1d4       12%         1
 Frozen Ramparts          Ice            12%        1d2       34%         3
 Swiftness                Air            6%         N/A       34%         3
 Airstrike                Air            3%         2d(1-17)  75%         4
 Hailstorm                Conj/Ice       6%         3d4       75%         4


Dungeon Overview and Level Annotations

Branches:
Dungeon (5/15)             Temple (1/1) D:4

Altars:
Cheibriados
Gozag
Kikubaaqudgha
Okawaru
Qazlal
Ru

Shops:
D:3 !

Annotations:
D:5 Pikel


Innate Abilities, Weirdness & Mutations

You have very sharp teeth.
Your uncanny sense of smell can sniff out nearby items.
Your experience applies equally to all skills.


Message History

You hit the gnoll sergeant but do no damage.
The gnoll sergeant is moderately wounded.
The gnoll sergeant barely misses you.
You hit the gnoll sergeant but do no damage.
The gnoll sergeant is moderately wounded.
The gnoll sergeant closely misses you.
You hit the gnoll sergeant but do no damage.
The gnoll sergeant is moderately wounded.
The gnoll sergeant hits you with a +1 vorpal trident!
* * * LOW HITPOINT WARNING * * *
x2 You hit the gnoll sergeant but do no damage.
The gnoll sergeant is moderately wounded.
The gnoll sergeant hits you with a +1 vorpal trident!
* * * LOW HITPOINT WARNING * * *
x2 You hit the gnoll sergeant but do no damage.
Your punch misses the gnoll sergeant.
The gnoll sergeant is moderately wounded.
The gnoll sergeant closely misses you.
You don't know any spells.
You gain the combat prowess of a mighty hero.
The gnoll sergeant hits you but does no damage.
Unknown command.
You hit the gnoll sergeant but do no damage.
The gnoll sergeant is moderately wounded.
The gnoll sergeant completely misses you.
You hit the gnoll sergeant but do no damage.
The gnoll sergeant is moderately wounded.
The gnoll sergeant hits you with a +1 vorpal trident.
* * * LOW HITPOINT WARNING * * *
x2 You hit the gnoll sergeant but do no damage.
Your bite misses the gnoll sergeant.
The gnoll sergeant is moderately wounded.
You hit the gnoll sergeant but do no damage.
You bite the gnoll sergeant, but do no damage.
The gnoll sergeant is moderately wounded.
The gnoll sergeant barely misses you.
You hit the gnoll sergeant.
The gnoll sergeant is moderately wounded.
The gnoll sergeant hits you with a +1 vorpal trident.
You die...

... #.#..†....... .# #.#
#.#..####.### .# #.# #.#..#
.#####. #.# #.#..## .......
∆#.###.#...###.## .###.##
#.#..#..#......# .# #
#g#.#.#...###..# .# .# #
#g#.#..........# .###.#
#.#@#.####.#####.#
.....###.#####.#.#.####.#####.#
#.............................##
#.######.#######..#####.........
#.# #..### ##..###### ..#
∆......#...# #..# .##
#######~~≈≈≈≈#..# .# #...#####.#
#### .#.## #.#


You could see a gnoll sergeant and a gnoll.

Vanquished Creatures
  A water moccasin (D:5)
  A black bear (D:5)
  A lemure (D:5)
  A bullfrog (D:5)
  5 scorpions
  A howler monkey (D:3)
  2 hounds
  2 gnoll boudas
  Jessica (D:2)
  An orc wizard (D:5)
  18 gnolls
  5 adders
  A white imp (D:5)
  An ufetubus (D:3)
  3 worms
  A dart slug (D:1)
  3 orcs (D:4)
  7 endoplasms
  6 giant cockroaches
  5 hobgoblins
  2 jackals (D:3)
  3 quokkas
  9 ball pythons
  5 bats
  5 frilled lizards
  11 goblins
  4 kobolds
  10 rats
115 creatures vanquished.

Notes
Turn   | Place    | Note
-------+----------+-------------------------------------------
     0 | D:5      | Reached skill level 9 in Stealth
     0 | D:5      | leafyfresh the Gnoll Delver began the quest for the Orb.
     0 | D:5      | Reached XP level 1. HP: 23/23 MP: 1/1
    52 | D:4      | Found an opulent altar of Gozag.
    75 | D:4      | Noticed a hound
    94 | D:3      | Found Emoehes's Distillery.
   256 | D:2      | Reached XP level 2. HP: 29/29 MP: 2/2
   478 | D:2      | Found a faded altar of an unknown god.
   480 | D:2      | Noticed Jessica
   483 | D:2      | Killed Jessica
   484 | D:2      | Reached skill level 1 in Invocations
   484 | D:2      | Reached XP level 3. HP: 35/35 MP: 2/4
   548 | D:2      | Reached skill level 1 in Short Blades
   548 | D:2      | Reached skill level 1 in Axes
   548 | D:2      | Reached skill level 1 in Maces & Flails
   548 | D:2      | Reached skill level 1 in Polearms
   548 | D:2      | Reached skill level 1 in Staves
   548 | D:2      | Reached skill level 1 in Ranged Weapons
   548 | D:2      | Reached skill level 1 in Throwing
   548 | D:2      | Reached skill level 1 in Armour
   548 | D:2      | Reached skill level 1 in Shields
   548 | D:2      | Reached skill level 1 in Unarmed Combat
   548 | D:2      | Reached skill level 1 in Spellcasting
   548 | D:2      | Reached skill level 1 in Evocations
  1312 | D:1      | Reached XP level 4. HP: 41/41 MP: 5/5
  2092 | D:3      | Found a stormy altar of Qazlal.
  2184 | D:3      | Reached skill level 1 in Conjurations
  2184 | D:3      | Reached skill level 1 in Hexes
  2184 | D:3      | Reached skill level 1 in Summonings
  2184 | D:3      | Reached skill level 1 in Necromancy
  2184 | D:3      | Reached skill level 1 in Translocations
  2184 | D:3      | Reached skill level 1 in Transmutations
  2184 | D:3      | Reached skill level 1 in Fire Magic
  2184 | D:3      | Reached skill level 1 in Ice Magic
  2184 | D:3      | Reached skill level 1 in Air Magic
  2184 | D:3      | Reached skill level 1 in Earth Magic
  2184 | D:3      | Reached skill level 1 in Poison Magic
  2226 | D:3      | Reached XP level 5. HP: 43/47 MP: 5/7
  3782 | D:3      | Reached XP level 6. HP: 33/53 MP: 8/8
  4138 | D:3      | Reached skill level 5 in Long Blades
  4138 | D:3      | Reached skill level 5 in Dodging
  4513 | D:4      | Found a staircase to the Ecumenical Temple.
  4585 | Temple   | Entered the Ecumenical Temple
  4589 | Temple   | Became a worshipper of Warmaster Okawaru
  5531 | D:4      | Reached XP level 7. HP: 60/60 MP: 10/10
  5902 | D:5      | Noticed Pikel
  6811 | D:5      | Reached * piety under Okawaru
  6812 | D:5      | Reached skill level 10 in Stealth
  6957 | D:5      | Reached XP level 8. HP: 35/67 MP: 12/12
  8000 | D:5      | HP: 3/67 [gnoll sergeant/+1 vorpal trident (6)]
  8003 | D:5      | Slain by a gnoll sergeant

Illustrated notes

Levels and vault maps discovered:
D:1:      dpeg_arrival_boxes_within_box, layout_basic, kennysheep_doodads
D:2:      layout_loops_ring, hellmonk_ecumenical_altar_zigzags, uniq_jessica
D:3:      layout_loops_corners, mainiacjoe_overflow_chevrons, serial_shops,
          shop, kennysheep_potato
D:4:      layout_loops_ring, kennysheep_little_box,
          minmay_temple_entry_enclosed_plants, kennysheep_generic_room_15
D:5:      cheibrodos_iron_armory, layout_loops_ring,
          chequers_serial_rivers_micro_b, chequers_garden, uniq_pikel,
          uniq_eustachio
Temple:   zaba_magenta_temple

Skill      XL: |  1  2  3  4  5  6  7 |
---------------+----------------------+-----
Stealth        | 10 | 10.1
Invocations    | 1 2 3 |  3.6
Short Blades   | 1 2 3 |  3.3
Axes           | 1 2 3 |  3.3
Maces & Flails | 1 2 3 |  3.3
Polearms       | 1 2 3 |  3.3
Staves         | 1 2 3 |  3.3
Ranged Weapons | 1 2 3 |  3.3
Throwing       | 1 2 3 |  3.3
Armour         | 1 2 3 |  3.3
Shields        | 1 2 3 |  3.3
Unarmed Combat | 1 2 3 |  3.3
Spellcasting   | 1 2 3 |  3.3
Evocations     | 1 2 3 |  3.3
Conjurations   | 1 2 |  2.6
Hexes          | 1 2 |  2.6
Summonings     | 1 2 |  2.6
Necromancy     | 1 2 |  2.6
Translocations | 1 2 |  2.6
Transmutations | 1 2 |  2.6
Fire Magic     | 1 2 |  2.6
Ice Magic      | 1 2 |  2.6
Air Magic      | 1 2 |  2.6
Earth Magic    | 1 2 |  2.6
Poison Magic   | 1 2 |  2.6
Long Blades    | 5 |  5.7
Dodging        | 5 |  5.7
Fighting       | 7 |  7.4

Action                   |  1- 3 |  4- 6 |  7- 9 || total
-------------------------+-------+-------+-------++-------
Melee: Rapier            |    55 |   212 |   206 ||   473
       Bite              |     4 |    16 |    22 ||    42
       Punch             |     1 |     6 |     5 ||    12
Invok: Heroism           |       |       |     1 ||     1
  Use: Scroll            |       |     1 |       ||     1
 Stab: Sleeping          |    12 |    24 |     6 ||    42
       Distracted        |     1 |       |     1 ||     2
Armor: Leather armour    |    23 |    52 |    68 ||   143
Dodge: Dodged            |    28 |   183 |   141 ||   352
